Cogmind - Beta 10.2 @@@ ROGUE MODE // 2022.01.26 @ 18:13:11 Player: Sara Result: Self-destructed Performance ------------- Evolutions (2) 1000 Regions Visited (4) 800 Robots Destroyed (54) 270 Value Destroyed (1270) 1270 Prototype IDs (7) 140 Alien Tech Used (0) 0 Bonus (62) 62 TOTAL SCORE: 3542 Bonus ------- High Alert Combat Kills 71 Follower Combat Kills 133 Friendly Fire -142 Cogmind --------- Core Integrity 550/550 Matter 246/300 Energy 280/280 System Corruption 0% Temperature Cool (0) Movement Treading (160) Location -8/Materials Parts ------- > --- POWER (1) -------- Cooled Ion Engine > --- PROPULSION (2) --- Light Treads Improved Treads > --- UTILITY (6) ------ Cooling System Medium Storage Unit Hacking Suite Drone Bay (2/2) > --- WEAPON (2) ------- Ion Burst Cannon Ion Burst Cannon > --- INVENTORY (8) ---- Cooled Ion Engine Light Treads Light Treads Light Treads Light Treads Light Treads Beam Rifle Light Assault Rifle Peak State ------------ > --- POWER ------------ Cooled Ion Engine > --- PROPULSION ------- Light Treads Improved Treads > --- UTILITY ---------- Cooling System Medium Storage Unit Hacking Suite Drone Bay > --- WEAPON ----------- Ion Burst Cannon Ion Burst Cannon > --- INVENTORY -------- Cooled Ion Engine Light Treads Light Treads Light Treads Light Treads Light Treads Beam Rifle Light Assault Rifle [Rating: 30] Favorites ----------- Power Light Ion Engine Engine Light Ion Engine Propulsion Light Treads Treads Light Treads Leg Aluminum Leg Utility Medium Storage Unit Device Cooling System Storage Medium Storage Unit Processor Targeting Computer Hackware Hacking Suite Protection Propulsion Shielding Weapon Ion Burst Cannon Energy Gun EM Pulse Gun Energy Cannon Ion Burst Cannon Ballistic Gun Light Assault Rifle Build | -11 -10 -9 -9 -8 ------- Run | Scr Mat Mat Sto Mat Slots Evolved 4 | . . 2 . 2 Power . | . . . . . Propulsion . | . . . . . Utility 4 | . . 2 . 2 Weapon . | . . . . . Parts Attached 49 | . 4 10 35 . Power 6 | . . . 6 . Engine 6 | . . . 6 . Core . | . . . . . Reactor . | . . . . . Propulsion 11 | . . 2 9 . Treads 11 | . . 2 9 . Leg . | . . . . . Wheel . | . . . . . Hover . | . . . . . Flight . | . . . . . Utility 17 | . 4 3 10 . Device 10 | . . 1 9 . Storage 4 | . 3 . 1 . Processor 1 | . . 1 . . Hackware 1 | . . 1 . . Protection 1 | . 1 . . . Artifact . | . . . . . Weapon 15 | . . 5 10 . Energy Gun 7 | . . 3 4 . Energy Cannon 6 | . . . 6 . Ballistic Gun 2 | . . 2 . . Ballistic Cannon . | . . . . . Launcher . | . . . . . Special Weapon . | . . . . . Impact Weapon . | . . . . . Slashing Weapon . | . . . . . Piercing Weapon . | . . . . . Special Melee Weapon . | . . . . . Unidentified Prototypes 7 | . . . 7 . Parts Lost 4 | . . 2 2 . Power 1 | . . . 1 . Propulsion . | . . . . . Utility 1 | . . . 1 . Weapon 2 | . . 2 . . Highest Loss Streak 2 | . . 2 2 . Average Slot Usage (%) 98 | . 98 97 99 81 Engine 11 | . 14 11 10 9 Treads 15 | . . 10 21 18 Leg 7 | . 28 11 . . Device 5 | . . 1 8 18 Storage 18 | . 20 22 17 9 Processor 5 | . . 9 6 . Hackware 8 | . . 9 11 9 Protection 1 | . 6 . . . Energy Gun 9 | . 28 14 3 . Energy Cannon 12 | . . . 18 18 Ballistic Gun 1 | . . 6 . . Naked Turns . | . . . . . Heaviest Build 40 | 11 19 21 40 40 Greatest Support 43 | 20 20 40 43 43 Greatest Overweight (x) . | . . . . . Average Overweight (x) . | . . . . . Largest Inventory Capacity 8 | . 8 8 8 8 Average Capacity 7 | . 7 8 8 8 Most Carried 8 | . 6 8 8 8 Average Carried 7 | . 5 6 7 8 Final Capacity 8 | 6 8 8 8 8 Final Carried 8 | 6 6 8 8 8 Class Distribution -------------------- 51% | Mutant 44% | Scavenger-Mutant 3% | Commander-Mutant Dominant Class ---------------- Mutant | -10/Materials Mutant | -9/Materials Scavenger-Mutant | -9/Storage Mutant | -8/Materials Resources | -11 -10 -9 -9 -8 ----------- Run | Scr Mat Mat Sto Mat Matter Collected 703 | 200 40 88 375 . Remotely . | . . . . . Salvage Created 1801 | . 244 139 1418 . Parts 129 | . 14 16 99 . Haulers Intercepted 6 | . 2 . 4 . Recyclers Shooed 3 | . . 1 2 . Parts Field Recycled . | . . . . . Retrieved Matter . | . . . . . Parts Self-Destructed . | . . . . . Prevented . | . . . . . Kills | -11 -10 -9 -9 -8 ------- Run | Scr Mat Mat Sto Mat Combat Hostiles Destroyed 37 | . 3 7 27 . Guns 10 | . 3 6 1 . Cannons 26 | . . . 26 . AOE 1 | . . 1 . . Classes Destroyed 10 | . 3 1 6 . Worker 2 | . . . 2 . Builder 3 | . . . 3 . Hauler 6 | . 2 . 4 . Recycler 2 | . . . 2 . Operator 3 | . 1 1 1 . Swarmer 13 | . . 6 7 . Grunt 13 | . 3 1 9 . Brawler 2 | . . . 2 . Duelist 1 | . . . 1 . Sentry 9 | . . . 9 . Best Kill Streak 9 | . 2 4 9 . Combat Bots Only 7 | . 2 4 7 . Max Kills in Single Turn 2 | . 1 1 2 . Gunslinging . | . . . . . Exploded 1 | . . 1 . . Melee . | . . . . . Uniques/NPCs Destroyed . | . . . . . Combat | -11 -10 -9 -9 -8 -------- Run | Scr Mat Mat Sto Mat Damage Taken 1517 | . 86 228 1203 . Core 230 | . 15 46 169 . Absorbed by Shields . | . . . . . Core Remaining (%) 80 | 100 94 . 46 . Volleys Fired 93 | . 16 19 58 . Largest 2 | . 2 2 2 . Hottest 200 | . 90 90 200 . Shots Fired 189 | . 32 37 120 . Gun 76 | . 32 37 7 . Cannon 113 | . . . 113 . Launcher . | . . . . . Special . | . . . . . Kinetic 18 | . . 18 . . Thermal 142 | . 16 13 113 . Explosive . | . . . . . Electromagnetic 29 | . 16 6 7 . Robot Hit Streak 11 | . 9 11 10 . Robot Miss Streak 12 | . 2 3 12 . Penetration Max . | . . . . . Secondary Targets . | . . . . . Shots Hit Robots 123 | . 22 24 77 . Core Hits 66 | . 10 9 47 . Critical Hits 1 | . . 1 . . Critical Kills . | . . . . . Critical Parts Destroyed 1 | . . 1 . . Melee Attacks . | . . . . . Impact . | . . . . . Slashing . | . . . . . Piercing . | . . . . . Sneak Attacks . | . . . . . Combat Hostiles . | . . . . . Follow-up Attacks . | . . . . . Damage Inflicted 3200 | . 328 341 2531 . Guns 632 | . 299 269 64 . Cannons 2467 | . . . 2467 . Explosions 101 | . 29 72 . . Melee . | . . . . . Ramming . | . . . . . Kinetic 107 | . . 107 . . Thermal 2770 | . 129 174 2467 . Explosive . | . . . . . Electromagnetic 323 | . 199 60 64 . Impact . | . . . . . Slashing . | . . . . . Piercing . | . . . . . Highest Corruption 6 | . . 2 6 . Average Corruption 4 | . . 2 5 . Corruption Purged . | . . . . . Effects 56 | . . 1 55 . Message Errors 9 | . . . 9 . Matter Fused 8 | . . . 8 . Heat Flow Errors 6 | . . . 6 . Energy Discharges 10 | . . 1 9 . Data Loss (minor) 6 | . . . 6 . Data Loss (major) 3 | . . . 3 . Misfires 5 | . . . 5 . Targeting Errors 8 | . . . 8 . Weapon Failures 1 | . . . 1 . Overload Shots . | . . . . . Overflow Damage 52 | . . 8 44 . Projectiles 44 | . . . 44 . Explosions 8 | . . 8 . . Melee . | . . . . . Knockbacks . | . . . . . Impact . | . . . . . Kinetic . | . . . . . Secondary . | . . . . . Self-Inflicted Damage 69 | . 8 61 . . Shots 3 | . 1 2 . . Rammed . | . . . . . Targets Rammed . | . . . . . Kicked . | . . . . . Crushed . | . . . . . Highest Temperature 496 | . 180 87 496 . Average Temperature 78 | . 58 27 88 . Received Heat Transfer 444 | . 42 27 375 . Effects 1 | . . . 1 . Energy Bleed 1 | . . . 1 . Siege Activations . | . . . . . Robots Corrupted . | . . . . . Combat Hostiles . | . . . . . Parts Fried 1 | . 1 . . . Impact Corruptions . | . . . . . Robots Melted . | . . . . . Combat Hostiles . | . . . . . Parts Melted 6 | . . . 6 . Heat Transferred 3410 | . 346 311 2753 . Parts Sabotaged . | . . . . . Parts Stolen . | . . . . . Parts Stripped . | . . . . . Power Chain Reactions 3 | . 1 2 . . Missiles Intercepted . | . . . . . Alert | -11 -10 -9 -9 -8 ------- Run | Scr Mat Mat Sto Mat Peak Influence 584 | . 111 324 584 184 Initial 169 | . . 19 52 169 Average 199 | . 26 159 264 174 Maximum Alert Level 2 | . . 1 2 . Low Security (%) 62 | . 100 73 47 100 Level 1 14 | . . 26 16 . Level 2 23 | . . . 36 . Level 3 . | . . . . . Level 4 . | . . . . . Level 5 . | . . . . . High Security . | . . . . . Max Security . | . . . . . Squads Dispatched 9 | . 3 1 5 . Investigation 4 | . 2 . 2 . Extermination . | . . . . . Reinforcement 3 | . 1 1 1 . Assault 2 | . . . 2 . Garrison . | . . . . . Intercept . | . . . . . Construction Impeded . | . . . . . Haulers Reinforced . | . . . . . Stealth | -11 -10 -9 -9 -8 --------- Run | Scr Mat Mat Sto Mat Distress Signals 7 | . 2 2 3 . Communications Jammed . | . . . . . Distress Signals . | . . . . . Times Spotted 76 | . 11 16 48 1 Peak Tracking Total 10 | . 4 5 10 1 Tactical Retreats 9 | . 1 3 5 . Traps | -11 -10 -9 -9 -8 ------- Run | Scr Mat Mat Sto Mat Traps Triggered 9 | . 1 1 7 . Indirectly . | . . . . . Trap Hack Attempts . | . . . . . Triggered . | . . . . . Disarmed . | . . . . . Reprogrammed . | . . . . . Reused . | . . . . . Traps Extracted . | . . . . . Installed . | . . . . . Triggered . | . . . . . Machines | -11 -10 -9 -9 -8 ---------- Run | Scr Mat Mat Sto Mat Machines Disabled 8 | . . 2 6 . Max in Single Turn 2 | . . 2 1 . Machines Sabotaged . | . . . . . Garrisons Compromised . | . . . . . Overloaded Fab Kills . | . . . . . Fab Network Shutdowns . | . . . . . Hacking | -11 -10 -9 -9 -8 --------- Run | Scr Mat Mat Sto Mat Machines Accessed 21 | . 4 5 12 . Terminals 18 | . 3 5 10 . Fabricators . | . . . . . Repair Stations 1 | . . . 1 . Recycling Units 2 | . 1 . 1 . Scanalyzers . | . . . . . Garrison Access . | . . . . . Total Hacks 50 | . 12 13 25 . Successful 28 | . 5 8 15 . Failed 21 | . 7 4 10 . Catastrophic 1 | . . . 1 . Database Lockouts 1 | . . 1 . . Manual 37 | . 11 12 14 . Terminals 39 | . 8 13 18 . Fabricators . | . . . . . Repair Stations 4 | . . . 4 . Recycling Units 7 | . 4 . 3 . Scanalyzers . | . . . . . Garrison Access . | . . . . . Terminal Hacks 15 | . 2 6 7 . Robot Schematic 1 | . . 1 . . Robot Analysis 4 | . 1 3 . . Open Door 3 | . . . 3 . Terminal Index 3 | . 1 1 1 . Alert Level 2 | . . 1 1 . Unreport Threat 1 | . . . 1 . Zone Layout 1 | . . . 1 . Fabricator Hacks . | . . . . . Repair Station Hacks 4 | . . . 4 . Scan Component 2 | . . . 2 . Repair 2 | . . . 2 . Recycling Unit Hacks 1 | . . . 1 . Retrieve Components 1 | . . . 1 . Scanalyzer . | . . . . . Garrison Access Hacks . | . . . . . Unauthorized Hacks 8 | . 3 2 3 . Terminals 6 | . 2 2 2 . Botnet 3 | . 1 1 1 . Operators 3 | . 1 1 1 . Fabricators . | . . . . . Repair Stations . | . . . . . Recycling Units 2 | . 1 . 1 . Reject 2 | . 1 . 1 . Scanalyzers . | . . . . . Garrison Access . | . . . . . Data Cores Recovered . | . . . . . Used . | . . . . . Hacking Detections 16 | . 5 4 7 . Full Trace Events 3 | . 1 1 1 . Feedback Events . | . . . . . Feedback Blocked . | . . . . . Robot Schematics Acquired 1 | . . 1 . . Robots Built . | . . . . . Matter . | . . . . . Time . | . . . . . Total Robot Build Rating . | . . . . . Part Schematics Acquired . | . . . . . Parts Built . | . . . . . Matter . | . . . . . Time . | . . . . . Total Part Build Rating . | . . . . . Parts Repaired 2 | . . . 2 . Time 52 | . . . 52 . Parts Recycled . | . . . . . Recycled Matter . | . . . . . Retrieved Matter . | . . . . . Retrieved Components 3 | . . . 3 . Parts Scanalyzed . | . . . . . Part Schematics Acquired . | . . . . . Parts Damaged . | . . . . . Bothacking | -11 -10 -9 -9 -8 ------------ Run | Scr Mat Mat Sto Mat Used RIF Installer . | . . . . . Robots Hacked . | . . . . . Non-combat . | . . . . . Combat . | . . . . . Robot Hacks Applied . | . . . . . Relay Couplers Released . | . . . . . Robots Rewired . | . . . . . Allies Hacked . | . . . . . Hacks Repelled . | . . . . . Allies | -11 -10 -9 -9 -8 -------- Run | Scr Mat Mat Sto Mat Total Allies 11 | . . . 11 . Largest Group 9 | . . . 9 . Highest-Rated Group 80 | . . . 80 . Highest-Rated Ally 31 | . . . 31 . Total Orders . | . . . . . Ally Attacks 48 | . . . 48 . Total Damage 512 | . . . 512 . Kills 5 | . . . 5 . Allies Corrupted . | . . . . . Allies Melted 1 | . . . 1 . Intel | -11 -10 -9 -9 -8 ------- Run | Scr Mat Mat Sto Mat Robot Analysis Total 4 | . 1 3 . . Derelict Logs Recovered . | . . . . . Drone Launches 16 | . . . 16 . Drone Recoveries 2 | . . . 2 . Exploration | -11 -10 -9 -9 -8 ------------- Run | Scr Mat Mat Sto Mat Turns Passed 2881 | . 570 449 1823 39 Spaces Moved 1497 | 1 407 256 809 24 Core . | . . . . . Treads 938 | . . 105 809 24 Legs 559 | 1 407 151 . . Wheels . | . . . . . Hover . | . . . . . Flight . | . . . . . Fastest Speed 120 | 120 120 120 160 160 Average Speed 145 | 120 120 136 160 160 Slowest Speed 160 | 120 120 160 160 160 Overloaded Moves . | . . . . . Propulsion Burnouts . | . . . . . Robots Hopped . | . . . . . Cave-ins Triggered . | . . . . . Exploration Rate (%) 37 | 2 72 25 85 5 Regions Visited 4 Branch Regions 1 Pre-discovered Areas . | . . . . . Known Exits Taken . | . . . . . Unknown Exits Taken 4 | 1 1 1 1 . Scrap Searched . | . . . . . Spaces Dug . | . . . . . Terrain Destroyed 10 | . 2 8 . . Melee . | . . . . . Projectile . | . . . . . AOE 10 | . 2 8 . . Terrain Rammed . | . . . . . Walls Destroyed . | . . . . . Machines Disabled . | . . . . . Actions | -11 -10 -9 -9 -8 --------- Run | Scr Mat Mat Sto Mat Total 1971 | . 456 320 1171 24 Wait 285 | . 25 29 231 . Move 1493 | . 406 255 808 24 Hop . | . . . . . Pick Up 14 | . 1 4 9 . Fast Attach 25 | . 3 5 17 . Attach 5 | . . 2 3 . Detach 1 | . . . 1 . Swap 19 | . 1 3 15 . Drop 36 | . 4 3 29 . Fire 93 | . 16 19 58 . Melee . | . . . . . Ram . | . . . . . Kick . | . . . . . Crush . | . . . . . Escape Stasis . | . . . . . Rewire . | . . . . . Trap . | . . . . . Miscellaneous . | . . . . . Route ------- -11/Scrapyard -10/Materials (discovered 4 exits: *Mat x2 / [*Min x2]) -9/Materials -9/Storage (discovered 2 exits: [*Mat] / [*Rec]) -8/Materials History --------- Turn | Location | Event 1 | -11/Scrapyard | Discovered new exit (range 0) 1 | -11/Scrapyard | Entered Materials 175 | -10/Materials | Discovered new exit (range 10) 306 | -10/Materials | Discovered new exit (range 16) 308 | -10/Materials | Discovered new exit (range 13) 313 | -10/Materials | Build established: Mutant 517 | -10/Materials | Discovered new exit (range 3) 571 | -10/Materials | Entered another Materials area 571 | -9/Materials | Evolved 2 slots: Utility x2 780 | -9/Materials | Central database locked down 1010 | -9/Materials | Discovered new exit (range 7) 1020 | -9/Materials | Entered Storage 1451 | -9/Storage | Build established: Scavenger-Mutant 1467 | -9/Storage | Met a pair of Derelict thieves 1618 | -9/Storage | Destroyed 7 combat bots 2146 | -9/Storage | Destroyed 7 combat bots 2199 | -9/Storage | Used back door to open Recycling access 2199 | -9/Storage | Discovered new exit (range 5) 2281 | -9/Storage | Repaired Lgt. Treads 2308 | -9/Storage | Repaired Lgt. Treads 2516 | -9/Storage | Assisted by bots powering up and referring to "LRC-V3" 2665 | -9/Storage | Core integrity fell below 50% 2816 | -9/Storage | Discovered new exit (range 17) 2843 | -9/Storage | Entered Materials 2843 | -8/Materials | Accompanied by 9 allies 2843 | -8/Materials | Evolved 2 slots: Utility x2 2882 | -8/Materials | Self-destructed Last Messages --------------- 02751_ Acquired Drone Bay. 02751_ >> Reconnected with Drone. 02753_ Drone released from Drone Bay. 02756_ Dropped Drone Bay. 02756_ >> Lost connection to Drone. 02756_ Acquired Drone Bay. 02757_ >> Reconnected with Drone. 02759_ Drone released from Drone Bay. 02762_ System corrupted: Matter fused (-8). 02780_ Acquired 44 matter. 02799_ Drone destroyed. 02815_ Drone retrieved by Drone Bay. 02816_ EXIT=FOUND 02817_ Drone destroyed. 02817_ Drone retrieved by Drone Bay. 02821_ Drone destroyed. PARAMETERS=UTILITY_2 LOCATION=UNKNOWN GOAL=ESCAPE 02876_ K-01 Serf collects debris. Map ----- +----------------------------------------------------+ | ??????????????????????????????????????????????? | | ??????????????????????????????????????????????? | | ??????????????????????????????????????????????? | | ??????????????????????????????????????????????? | | ??????????????????????????????????????????????? | | ??????????????????????????????????????????????? | | ??????????????????????????????????????????????? | | ??????######??????????????????????????????????? | | ??????? ???????????????????????????????????? | | ??????? ???????????????????????????????????? | | ??????? ?????????????#?????????????????????? | | ??????? ???????????? #?????????????????????? | | ???????# #######+#???? #?????????????????????? | | ???????# ## #???? #?????????????????????? | | ???????# ## #???? #?????????????????????? | | ???????# ## #???? #?????????????????????? | | ???????# ## #???? #?????????????????????? | | ???????# ## #???? #?????????????????????? | | ???????# ## =#???? #?????????????????????? | | ???????# #?? ##### #?????????????????????? | | ????#### #####+### #?????????????????????? | | ????# n #?????????????????????? | | ????# nnnn #?????????????????????? | | ????# nn #?????????????????????? | | ???#####+########## nn #?????????????????????? | | ???# #???????## @##?????????????????????? | | ???# #????????# k#??????????????????????? | | ???# ] #????????#w ?????????????????????? | | ???# #????????+ [[???????????????????? | | ???# #????????# !!#??????????????????? | | ???# #????????# !!#??????????????????? | | ???########????????# //#??????????????????? | | ???????????????????# //#??????????????????? | | ???????????????????# #####??????????????????? | | ???????????????????# #??????????????????????? | | ???????????????????# #??????????????????????? | | ???????????????????# #??????????????????????? | | ???????????????????# #??????????????????????? | | ???????????????????# #??????????????????????? | | ??????????????????? ???????????????????????? | | ??????????????????? =???????????????????????? | | ???????????????????? Y ???????????????????????? | | ??????????????????????????????????????????????? | | ??????????????????????????????????????????????? | | ??????????????????????????????????????????????? | | ??????????????????????????????????????????????? | | ??????????????????????????????????????????????? | | ??????????????????????????????????????????????? | | ??????????????????????????????????????????????? | | ??????????????????????????????????????????????? | +----------------------------------------------------+ Best States ------------- Heat Dissipation 53 Coolant Potential 50 Energy Generation 19 Energy Capacity 900 Matter Stores 300 Matter Capacity 300 Sight Range 16 Terrain Scan Density 10 Propulsion Shielding 33 Evasion (%) 40 Targeting Accuracy 5 Recoil Reduction 2 Offensive Hacking 10 Item Schematics ----------------- None Robot Schematics ------------------ Y-45 Defender | -9/Materials | Hacked Fabricated ------------ Nothing Alien Tech Used ----------------- None Achievements -------------- None Challenges ------------ None Game ------ Seed DeliveryMeleeCasing Manual? 0 Play Time 00:30:11 Cumulative 90.4 hours Start 2022.01.26 @ 17:41:03 End 2022.01.26 @ 18:13:11 Sessions 1 Manual Loads 0 Difficulty Rogue Special Mode None Game No. 106 Rogue 106 Adventurer 0 Explorer 0 Win Type - Total 0 Types 0/0/0/0/0/0/0/0/0 Lore% 53 Gallery% 54 Achievement% 43 Wizard Run 0 Options --------- ASCII 0 Keyboard 0 Movement Numpad Keybinds 0 Fullscreen 1 Font 18/X11Bold Map View 76x50 Tactical HUD 1 Map Filters NONE Filters NONE Steam 1 RUN: 476f6364-e6fe-4e2b-852e-fc7337067b03